 Dungeon Crawl Stone Soup version 0.31-a0-180-g519b7de00c (webtiles) character file.

Game seed: 18603100849888391

70 Moral the Sneak (level 4, -2/45 HPs)
             Began as an Ogre Brigand on June 19, 2023.
             Slain by a goblin
             ... wielding a +0 dagger
             ... led by Robin
              (5 damage)
             ... on level 3 of the Dungeon.
             The game lasted 00:04:25 (1958 turns).

Moral the Sneak (Ogre Brigand)                      Turns: 1958, Time: 00:04:25

Health: -2/45      AC:  4    Str: 12 (15) XL:     4   Next: 22%
Magic:  4/4        EV:  9    Int: 11 (12) God:
Gold:   117        SH:  0    Dex: 10 (12) Spells: 3/3 levels left

rFire   . . .        o - +7 dagger of Ymucsom {heavy, rElec rN+ rCorr}
rCold   . . .        (no shield)
rNeg    + . .        b - +0 robe
rPois   .            (helmet restricted)
rElec   +            c - +0 cloak
rCorr   +            (gloves unavailable)
SInv    .            (boots unavailable)
Will    .....        (no amulet)
Stlth   ++           f - ring of resist corrosion
HPRegen 0.27/turn    (no ring)
MPRegen 0.09/turn

%: no passive effects
@: on berserk cooldown, hasted and slowed
A: large, unfitting armour, tough skin 1
a: no special abilities


You were on level 3 of the Dungeon.
You visited 1 branch of the dungeon, and saw 3 of its levels.

You collected 117 gold pieces.

Inventory:

Hand Weapons
 o - the +7 dagger of Ymucsom (weapon) {heavy, rElec rN+ rCorr}
   (You found it on level 2 of the Dungeon)

   rElec:     It insulates you from electricity.
   rN:        It protects you from negative energy.
   rCorr:     It protects you from acid and corrosion.
Missiles
 d - 9 poisoned darts (quivered)
 e - 3 curare-tipped darts
Armour
 b - a +0 robe (worn)
 c - a +0 cloak (worn)
Jewellery
 f - a ring of resist corrosion (left hand)
Potions
 k - a potion of mutation {unknown}


   Skills:
 + Level 3.5 Fighting
 * Level 2.4 Short Blades
 - Level 2.0 Throwing
 + Level 1.5 Dodging
 * Level 3.5 Stealth


You had 3 spell levels left.
You didn't know any spells.
Your spell library contained the following spells:

 Spells                   Type           Power      Damage    Failure   Level
 Static Discharge         Conj/Air       0%         2-2/arc   47%         2
 Portal Projectile        Hex/Tloc       0%         N/A       71%         3
 Tukima's Dance           Hex            0%         N/A       71%         3
 Airstrike                Air            0%         2d(0-16)  98%         4
 Summon Lightning Spire   Summ/Air       0%         N/A       98%         4
 Blade Hands              Tmut           0%         N/A       100%        5


Dungeon Overview and Level Annotations

Branches:
Dungeon (3/15)

Altars:

Annotations:
D:3 Robin


Innate Abilities, Weirdness & Mutations

You are too large for most types of armour.
You have tough skin. (AC +1)


Message History

Robin roars a battlecry!
The goblins go into a battle-frenzy!
The goblin hits you with a +0 club.
* * * LOW HITPOINT WARNING * * *
The hobgoblin barely misses you.
You puncture the hobgoblin!
You kill the hobgoblin!
The goblin hits you but does no damage.
You hit the hobgoblin.
The hobgoblin is moderately wounded.
The goblin barely misses you. The hobgoblin hits you.
* * * LOW HITPOINT WARNING * * *
You puncture the hobgoblin!
You kill the hobgoblin!
The hobgoblin no longer looks unusually strong.
The goblin hits you with a +0 club.
* * * LOW HITPOINT WARNING * * *
The goblin closely misses you. The goblin hits you with a +0 dagger.
* * * LOW HITPOINT WARNING * * *
Robin roars a battlecry!
The goblins go into a battle-frenzy!
It was a potion of degeneration.
There was something very wrong with that liquid.
You feel weakened.
You feel dopey.
You feel clumsy. The goblin closely misses you. The goblin barely misses you.
Okay, then.
Unknown command.
Okay, then.
Really read the scroll of poison?
The air fills with toxic fumes!
As you read the scroll of poison, it crumbles to dust.
Robin says, "Feeling lonely?"
The goblin hits you with a +0 club.
* * * LOW HITPOINT WARNING * * *
The goblin hits you with a +0 dagger.
* * * LOW HITPOINT WARNING * * *
As you read the scroll of revelation, it crumbles to dust.
You feel momentarily disoriented. The goblin hits you with a +0 dagger.
You die...

*,,,,,,,<,,......*#........#
*,,,,,,....§§§.§§##......#.####
**,,,,,.....§§.§§##............
**,,,,.#...§§#§§##......#...##
*********####..§§§.........#<#.#*
,,,,,,,,,......§§§.##........#...
*********#######§####.......#####
** #####§§g####......## ** ,*
####..#@####......# *,
,********####.##g##...####.#* *,
,,*,,,,,,......ggg..#### #..#* *,
*,,,,****##...##g####### *...#**,
***,,,,,*##.#..§g####### *,,..,*,
**,**,*#..#.#§§§..####**,,,,,,,
*,,,,,......§§§#.####*,,,,,,**
****,,.....§§§§......,,,,,,,**
*,,,.,.##..#.,*****,,,,,,,,


You could see Robin, a hobgoblin (strong) and 5 goblins.

Vanquished Creatures
  A gnoll (D:2)
  2 adder zombies (D:2)
  A worm (D:2)
  2 dart slugs
  A bat skeleton (D:2)
  4 endoplasms
  2 giant cockroaches
  6 goblins
  4 hobgoblins
  4 kobolds
  A quokka (D:1)
  3 ball pythons
  2 ball python skeletons (D:2)
  A ball python zombie (D:2)
  5 bats
  2 frilled lizards
  2 giant cockroach zombies (D:2)
  5 rats
48 creatures vanquished.

Notes
Turn   | Place    | Note
-------+----------+-------------------------------------------
     0 | D:1      | Moral the Ogre Brigand began the quest for the Orb.
     0 | D:1      | Reached XP level 1. HP: 22/22 MP: 1/1
    71 | D:1      | Reached skill level 1 in Dodging
   227 | D:1      | Reached XP level 2. HP: 29/29 MP: 2/2
   892 | D:2      | Reached XP level 3. HP: 30/37 MP: 3/3
  1025 | D:2      | Identified the +7 dagger of Ymucsom {heavy, rElec rN+
                  | rCorr}
  1380 | D:2      | Reached XP level 4. HP: 45/45 MP: 4/4
  1685 | D:3      | Noticed a scorpion
  1936 | D:3      | Noticed Robin
  1958 | D:3      | Slain by a goblin

Illustrated notes

Levels and vault maps discovered:
D:1:      scummos_arrival_hexagon, layout_basic, hex_tiny
D:2:      layout_basic, serial_undead, serial_undead_f, serial_undead_d,
          serial_undead_c, serial_undead_f, minmay_pentomino_q4
D:3:      layout_rooms, hellmonk_ecumenical_altar_lost_god, uniq_robin

Skill      XL: |  1  2 |
---------------+-------+-----
Stealth        | 3 |  3.5
Dodging        | 1 |  1.5
Fighting       | 3 |  3.5
Short Blades   | 2 |  2.4
Throwing       | |  2.0

Action                     |  1- 3 |  4- 6 || total
---------------------------+-------+-------++-------
  Melee: Dagger            |   107 |    24 ||   131
         Punch             |     3 |       ||     3
    Use: Scroll            |       |     6 ||     6
         Potion            |       |     3 ||     3
   Stab: Sleeping          |     5 |     2 ||     7
 Armour: Robe              |    43 |    12 ||    55
  Dodge: Dodged            |    69 |    29 ||    98

Table legend: (Time is in decaauts)
 A = Elapsed time spent in this place.
 B = Non-inter-level travel time spent in this place.
 C = Inter-level travel time spent in this place.
 D = Time resting spent in this place.
 E = Time spent auto-exploring this place.
 F = Levels seen in this place.
 G = Mean time per level.
                   A        B        C        D        E       F      G
               +--------+--------+--------+--------+--------+-----+--------+
         Total |   1962 |   1910 |     52 |    187 |   1341 |   3 |  654.0 |
       Dungeon |   1962 |   1910 |     52 |    187 |   1341 |   3 |  654.0 |
               +--------+--------+--------+--------+--------+-----+--------+

Top non-repeatable levels by time:
     D:2: 1062 daAuts
     D:1: 808 daAuts
     D:3: 91 daAuts
